 Dungeon Crawl Stone Soup version 0.27.1-3-gb3d3a73c9e (webtiles) character file.

Game seed: 2976399975646925157

21 barney the Changer (level 2, 0/23 HPs)
             Began as a Draconian Transmuter on Oct 5, 2021.
             Slain by an endoplasm (2 damage)
             ... on level 1 of the Dungeon.
             The game lasted 00:00:25 (1013 turns).

barney the Changer (Draconian Transmuter)           Turns: 1013, Time: 00:00:25

Health: 0/23       AC:  4    Str: 12    XL:     2   Next: 65%
Magic:  4/5        EV: 12    Int: 13    God:
Gold:   23         SH:  0    Dex: 11    Spells: 4/5 levels left

rFire    . . .     SeeInvis .     - Unarmed
rCold    . . .     Faith    .   (no shield)
rNeg     . . .     Spirit   .   (armour unavailable)
rPois    .         Reflect  .   (helmet restricted)
rElec    .         Harm     .   (no cloak)
rCorr    .         Rampage  .   (no gloves)
Will     .....                  (no boots)
Stlth    +.........             (no amulet)
HPRegen  0.07/turn              (no ring)
MPRegen  0.09/turn              (no ring)

@: very slightly contaminated, slowed, very slow
A: AC +4, unfitting armour, cold-blooded
a: no special abilities


You were on level 1 of the Dungeon.
You visited 1 branch of the dungeon, and saw 1 of its levels.

You collected 23 gold pieces.

Inventory:

Scrolls
 c - a scroll of enchant weapon {unknown}
Potions
 a - a potion of brilliance {unknown}
 b - a potion of heal wounds {unknown}


   Skills:
 - Level 1.1 Fighting
 - Level 1.7 Dodging
 - Level 3.0 Unarmed Combat
 - Level 2.0 Spellcasting
 + Level 3.3 Transmutations


You had 4 spell levels left.
You knew the following spells:

 Your Spells              Type           Power      Damage    Failure   Level
a - Beastly Appendage     Tmut           18%        N/A       7%          1

Your spell library contained the following spells:

 Spells                   Type           Power      Damage    Failure   Level
 Wereblood                Tmut           9%         N/A       10%         2
 Spider Form              Tmut/Pois      2%         N/A       36%         3
 Ice Form                 Ice/Tmut       5%         N/A       78%         4


Dungeon Overview and Level Annotations

Branches:
Dungeon (1/15)

Altars:


Innate Abilities, Weirdness & Mutations

Your plain brown scales are hard. (AC +4)
You cannot fit into any form of body armour.
You are cold-blooded and may be slowed by cold attacks.


Message History

The endoplasm quivers.
The endoplasm freezes you.
You are frozen.
An endoplasm is nearby!
You barely miss the endoplasm.
The endoplasm jiggles.
The endoplasm hits you.
You hit the endoplasm but do no damage.
Casting: Beastly Appendage (safe; 7% risk of failure)
Confirm with . or Enter, or press ? or * to list all spells.
You miscast Beastly Appendage.
You are very lightly contaminated with residual magic.
Nothing appears to happen.
The endoplasm freezes you.
You are frozen.
You feel yourself slow down.
You hit the endoplasm.
The endoplasm is severely wounded.
The endoplasm hits you but does no damage.
The endoplasm freezes you.
You are frozen.
You hit the endoplasm but do no damage.
You punch the endoplasm, but do no damage.
The endoplasm is severely wounded.
The endoplasm freezes you.
You are frozen.
You feel as though you will be slow longer.
You barely miss the endoplasm.
The endoplasm is severely wounded.
The endoplasm barely misses you.
The endoplasm jiggles.
The endoplasm barely misses you.
You completely miss the endoplasm.
The endoplasm is severely wounded.
The endoplasm freezes you.
You are frozen.
* * * LOW HITPOINT WARNING * * *
You barely miss the endoplasm.
The endoplasm is severely wounded.
The endoplasm barely misses you. The endoplasm hits you.
You die...

##### #### #### ....#
#...## #.'######.#.#
##J....##
#.#≈≈≈≈≈#.#.###@......#
##.#≈....#.#.##.........
...#≈....#....'.........
##.#≈....#)#.##.........
#.######'...###.......#
#.######..### ##.....##
#.........# #...##
#########.# #+## #.#


You could see an endoplasm.

Vanquished Creatures
  A gnoll (D:1)
  3 endoplasms (D:1)
  3 hobgoblins (D:1)
  3 goblins (D:1)
  A kobold (D:1)
11 creatures vanquished.

Notes
Turn   | Place    | Note
-------+----------+-------------------------------------------
     0 | D:1      | barney the Draconian Transmuter began the quest for the
                  | Orb.
     0 | D:1      | Reached XP level 1. HP: 16/16 MP: 3/3
   585 | D:1      | Found a faded altar of an unknown god.
   600 | D:1      | Reached XP level 2. HP: 23/23 MP: 3/5
  1013 | D:1      | Slain by an endoplasm

Illustrated notes

Levels and vault maps discovered:
D:1:      minmay_arrival_arboretum_large, layout_loops_corners, serial_rivers,
          chequers_serial_rivers_small_3, chequers_serial_rivers_room_a,
          chequers_serial_rivers_micro_a, chequers_serial_rivers_micro_a,
          chequers_serial_rivers_room_b, chequers_serial_rivers_micro_b,
          dreamdust_ecumenical_altar_grove, dk_noncrumbling_2

Skill      XL: |  1  2 |
---------------+-------+-----
Transmutations | 3 |  3.3
Fighting       | |  1.1
Dodging        | |  1.7
Unarmed Combat | |  3.0
Spellcasting   | |  2.0

Action                   || total
-------------------------++-------
Melee: Unarmed           ||    39
       Headbutt          ||     3
       Kick              ||     2
       Tailslap          ||     2
       Punch             ||     1
 Cast: Beastly Appendage ||     7
 Stab: Sleeping          ||     1
Armor: Skin              ||     7
Dodge: Dodged            ||    17
